 Dungeon Sprint DCSS version 0.30-a0-424-g7412bad402 (webtiles) character file.

Game seed: 205095206487586472

373 rocky1 the Basher (level 6, -9/84 HPs)
             Began as a Naga Fighter on Dec 9, 2022.
             Was a High Priest of Cheibriados.
             Mangled by a komodo dragon (22 damage)
             ... in the Dungeon (Sprint VII: "The Pits").
             The game lasted 00:01:57 (643 turns).

rocky1 the Basher (Naga Fighter)                     Turns: 643, Time: 00:01:58

Health: -9/84      AC:  9    Str: 32    XL:     6   Next: 72%
Magic:  11/11      EV:  6    Int: 21    God:    Cheibriados [*****.]
Gold:   0          SH:  7    Dex: 22    Spells: 5/5 levels left

rFire   . . .      SeeInvis +    k - +1 flail (vorpal)
rCold   . . .      Faith    .    c - +0 buckler
rNeg    . . .      Spirit   .    l - +3 chain mail
rPois   +          Reflect  .    (no helmet)
rElec   .          Harm     .    (no cloak)
rCorr   .          Rampage  .    (no gloves)
Will    .....      NoTele   +    (no barding)
Stlth   ..........               (no amulet)
HPRegen 0.34/turn                (no ring)
MPRegen 0.12/turn                (no ring)

@: berserking (expiring), very slow
A: AC +2, large, see invisible, deformed body, poison resistance, slowness 2,
spit poison 1, naga tail 1
a: Spit Poison, Renounce Religion, Bend Time, Temporal Distortion, Slouch, Step
From Time


You were in the Dungeon.
You worshipped Cheibriados.
Cheibriados was extremely pleased with you.
You visited 1 branch

Inventory:

Hand Weapons
 a - a +0 flail
 k - a +1 vorpal flail (weapon)
Armour
 b - a +0 scale mail
 c - a +0 buckler (worn)
 l - a +3 chain mail (worn)
Scrolls
 j - a scroll of blinking
Potions
 d - a potion of might
 e - 6 potions of curing
 f - 5 potions of heal wounds
 g - a potion of haste
 h - 2 potions of magic


   Skills:
 - Level 3.2 Fighting
 * Level 10.0 Maces & Flails
 - Level 2.6 Armour
 + Level 7.0 Shields
 + Level 7.1 Invocations


You had 5 spell levels left.
You didn't know any spells.
Your spell library was empty.

Dungeon Overview and Level Annotations

Branches:
Dungeon (1/1)

Altars:
Ashenzari
Cheibriados
Dithmenos
Elyvilon
Fedhas
Gozag
Hepliaklqana
Kikubaaqudgha
Makhleb
Nemelex Xobeh
Okawaru
Qazlal
Ru
Sif Muna
Trog
Uskayaw
Vehumet
Wu Jian
Xom
Yredelemnul
Zin
The Shining One
Jiyva
Lugonu


Innate Abilities, Weirdness & Mutations

Your serpentine skin is tough. (AC +2)
You have supernaturally acute eyesight. (SInv)
Armour fits poorly on your strangely shaped body.
Your system is resistant to poisons. (rPois)
You cover ground very slowly.
You can spit poison.
You have a snake-like lower body.


Message History

a +0 dagger; a +0 robe You open the door.
A hobgoblin comes into view.
The hobgoblin shouts!
You closely miss the hobgoblin. You block the hobgoblin's attack.
You sock the hobgoblin!
You kill the hobgoblin!
Cheibriados thoroughly appreciates the change of pace.
There is an open door, spattered with blood here.
You open the door.
A komodo dragon comes into view.
The komodo dragon hisses angrily.
Aiming: Spit Poison (1% risk of failure)
Press: ? - help, Shift-Dir - straight line, f - komodo dragon
Aim: a komodo dragon (70% to hit)
The splash of poison hits the komodo dragon.
The komodo dragon is poisoned.
The komodo dragon is lightly wounded.
The komodo dragon bites you!
A red film seems to cover your vision as you go berserk!
Cheibriados forces you to slow down.
You feel mighty! The komodo dragon bites you!!
You closely miss the komodo dragon.
The komodo dragon is lightly wounded.
The komodo dragon bites you!!
* * * LOW HITPOINT WARNING * * *
You closely miss the komodo dragon.
The komodo dragon is lightly wounded.
You block the komodo dragon's attack.
You sock the komodo dragon!
The komodo dragon is heavily wounded.
The komodo dragon barely misses you.
You closely miss the komodo dragon.
The komodo dragon is heavily wounded.
You have got your breath back.
The komodo dragon bites you but does no damage.
You sock the komodo dragon!
The komodo dragon is almost dead.
The komodo dragon bites you!!
You die...

#.#........##.......#
#†###########.......#
#.).....# #########
#.)###..# #)......#
##.###.##+#
#.......#.+
#..###..#l#
#.......'@#
###########


You could see a komodo dragon (poisoned).

Vanquished Creatures
  A floating eye (D)
  A necrophage (D)
  A scorpion (D)
  A crimson imp (D)
  A hound (D)
  An orc priest (D)
  An orc wizard (D)
  A mummy (D)
  An ufetubus (D)
  An orc (D)
  2 ball pythons (D)
  A goblin (D)
  A hobgoblin (D)
  2 jackals (D)
  2 quokkas (D)
  A rat (D)
19 creatures vanquished.

Notes
Turn   | Place    | Note
-------+----------+-------------------------------------------
     0 | D        | rocky1 the Naga Fighter began the quest for the Orb.
     0 | D        | Reached XP level 1. HP: 21/21 MP: 1/1
    21 | D        | Found a bloodstained altar of Trog.
    21 | D        | Found a shimmering blue altar of Sif Muna.
    21 | D        | Found a viscous altar of Jiyva.
    21 | D        | Found a hazy altar of Hepliaklqana.
    21 | D        | Found an opulent altar of Gozag.
    22 | D        | Found a glowing golden altar of the Shining One.
    22 | D        | Found a glowing silver altar of Zin.
    22 | D        | Found a basalt altar of Yredelemnul.
    22 | D        | Found a shimmering altar of Xom.
    22 | D        | Found an ornate altar of the Wu Jian Council.
    22 | D        | Found a sacrificial altar of Ru.
    22 | D        | Found a stormy altar of Qazlal.
    22 | D        | Found an iron altar of Okawaru.
    22 | D        | Found a sparkling altar of Nemelex Xobeh.
    22 | D        | Found a burning altar of Makhleb.
    22 | D        | Found a blossoming altar of Fedhas.
    22 | D        | Found a white marble altar of Elyvilon.
    22 | D        | Found a shadowy altar of Dithmenos.
    22 | D        | Found a snail-covered altar of Cheibriados.
    25 | D        | Found a corrupted altar of Lugonu.
    25 | D        | Found a radiant altar of Vehumet.
    26 | D        | Found an ancient bone altar of Kikubaaqudgha.
    26 | D        | Found a hide-covered altar of Uskayaw.
    26 | D        | Found a broken altar of Ashenzari.
    35 | D        | Became a worshipper of Cheibriados the Contemplative
    60 | D        | Reached skill level 3 in Maces & Flails
    60 | D        | Reached XP level 2. HP: 19/28 MP: 2/2
    61 | D        | Reached * piety under Cheibriados
   104 | D        | Noticed a floating eye
   107 | D        | Killed a floating eye
   108 | D        | Reached skill level 6 in Maces & Flails
   108 | D        | Reached skill level 5 in Shields
   108 | D        | Reached XP level 3. HP: 34/34 MP: 2/6
   108 | D        | Reached XP level 4. HP: 42/42 MP: 2/7
   362 | D        | Reached ** piety under Cheibriados
   371 | D        | Noticed a scorpion
   382 | D        | Reached *** piety under Cheibriados
   386 | D        | Killed a scorpion
   387 | D        | Reached skill level 7 in Maces & Flails
   387 | D        | Reached skill level 5 in Invocations
   387 | D        | Reached XP level 5. HP: 45/49 MP: 8/8
   389 | D        | Reached skill level 8 in Maces & Flails
   561 | D        | Reached **** piety under Cheibriados
   566 | D        | Reached ***** piety under Cheibriados
   567 | D        | Reached skill level 9 in Maces & Flails
   567 | D        | Reached XP level 6. HP: 46/56 MP: 4/10
   568 | D        | Reached skill level 10 in Maces & Flails
   636 | D        | Noticed a komodo dragon
   643 | D        | Mangled by a komodo dragon

Illustrated notes

Levels and vault maps discovered:
D:        pitsprint [storerooms_1, entrance_room_1, metal_vault_2, armoury_3,
          mini_pit_1, grid_room_1, main_hall_1, silver_pit, the_coven_3,
          the_vestibule_1, steel_vault_4, golden_pit, hallway_of_sentries,
          crystal_vault_4, iron_vault_1, final_vault]

Skill      XL: |  1  2  3  4  5  6 |
---------------+-------------------+-----
Maces & Flails | 3 6 7 9 10 | 10.0
Shields        | 3 5 6 7 |  7.0
Invocations    | 4 5 6 7 |  7.1
Fighting       | |  3.2
Armour         | |  2.6

Action                   |  1- 3 |  4- 6 || total
-------------------------+-------+-------++-------
Melee: Flail             |    14 |    34 ||    48
Invok: Slouch            |       |     1 ||     1
 Abil: Spit Poison       |       |     1 ||     1
  Use: Potion            |     1 |     1 ||     2
Armor: Scale mail        |    11 |     7 ||    18
       Chain mail        |       |     5 ||     5
Dodge: Dodged            |     9 |    11 ||    20
Block: Buckler           |     6 |    12 ||    18

Table legend: (Time is in decaauts)
 A = Elapsed time spent in this place.
 B = Non-inter-level travel time spent in this place.
 C = Inter-level travel time spent in this place.
 D = Time resting spent in this place.
 E = Time spent auto-exploring this place.
 F = Levels seen in this place.
 G = Mean time per level.
                   A        B        C        D        E       F      G
               +--------+--------+--------+--------+--------+-----+--------+
         Total |    766 |    717 |     49 |    444 |      0 |   1 |  766.0 |
       Dungeon |    766 |    717 |     49 |    444 |      0 |   1 |  766.0 |
               +--------+--------+--------+--------+--------+-----+--------+

Top non-repeatable levels by time:
       D: 766 daAuts
